 Dungeon Crawl Stone Soup version 0.26.1-11-gd32895ea62 (webtiles) character file.

Game seed: 2642138136322369168

82835 nothank2 the Carver (level 15, -2/87 HPs)
             Began as a Gargoyle Fighter on June 15, 2021.
             Was the Champion of Hepliaklqana.
             Killed from afar by Roxanne (37 damage)
             ... with an iron shot
             ... on level 14 of the Dungeon on June 16, 2021.
             The game lasted 01:12:28 (24651 turns).

nothank2 the Carver (Gargoyle Fighter)             Turns: 24651, Time: 01:12:28

Health: -2/87      AC: 28    Str: 31    XL:     15   Next: 75%
Magic:  18/18      EV: 10    Int: 14    God:    Hepliaklqana [******]
Gold:   2592       SH: 16    Dex: 15    Spells: 14/14 levels left

rFire    . . .     SeeInvis .   P - +5 scimitar (flame)
rCold    + + .     Faith    .   g - +2 kite shield "Qestryes" {rElec Will++}
rNeg     + . .     Spirit   .   U - +4 ring mail of Birdsong {Str+6}
rPois    ∞         Reflect  .   u - +1 helmet of Tutig {rC+ Int+4}
rElec    +         Harm     +   z - scarf {harm}
rCorr    .         Rampage  .   (no gloves)
Will     +++..                  K - +1 pair of boots
Stlth    +.........             C - amulet of the acrobat
HPRegen  0.24/turn              e - +6 ring of dexterity
MPRegen  0.16/turn              S - ring of protection from cold

@: studying Axes
A: reduced essence, big wings, negative energy resistance 1, electricity
resistance, unbreathing, petrification resistance, miasma immunity, AC +11
a: Fly, Renounce Religion, Recall Ancestor, Ancestor Identity, Transference,
Idealise


You were on level 14 of the Dungeon.
You worshipped Hepliaklqana.
Hepliaklqana was exalted by your worship.
You visited 2 branches of the dungeon, and saw 20 of its levels.

You collected 2592 gold pieces.

Inventory:

Hand Weapons
 F - a +4 war axe of freezing
 P - a +5 scimitar of flaming (weapon)
Missiles
 I - 28 boomerangs (quivered)
Armour
 g - the +2 kite shield "Qestryes" (worn) {rElec Will++}
   (You acquired it on level 4 of the Lair of Beasts)

   It insulates you from electricity.
   It affects your willpower, your defense against some magical effects.
 u - the +1 helmet of Tutig (worn) {rC+ Int+4}
   (You found it on level 11 of the Dungeon)

   It affects your intelligence (+4).
   It protects you from cold.
 v - a +4 ring mail of fire resistance
 z - a scarf of harm (worn)
 K - a +1 pair of boots (worn)
 U - the +4 ring mail of Birdsong (worn) {Str+6}
   (You found it on level 10 of the Dungeon)

   It affects your strength (+6).
Jewellery
 e - a +6 ring of dexterity (left hand)
 k - a +4 ring of evasion
 l - an uncursed ring of protection from fire
 n - an uncursed ring of positive energy
 C - an amulet of the acrobat (around neck)
 S - a ring of protection from cold (right hand)
 Y - an uncursed amulet of reflection
Wands
 a - a wand of acid (16)
 r - a wand of random effects (40)
 x - a wand of paralysis (25)
 D - a wand of polymorph (8)
 J - a wand of digging (4)
 L - a wand of flame (49)
 O - a wand of iceblast (20)
 W - a wand of disintegration (24)
Scrolls
 f - a scroll of blinking
 o - 2 scrolls of fear
 p - 3 scrolls of magic mapping
 t - a scroll of fog
 y - 8 scrolls of teleportation
 A - 6 scrolls of remove curse
 G - 2 scrolls of immolation
Potions
 d - 2 potions of might
 i - 15 potions of curing
 j - 2 potions of mutation
 m - 5 potions of ambrosia
 q - 2 potions of heal wounds
 w - a potion of haste
 B - 3 potions of brilliance
 E - 4 potions of lignification
 M - 2 potions of berserk rage
 N - a potion of invisibility {unknown}
 R - a potion of magic {unknown}
Books
 b - a manual of Axes
Miscellaneous
 H - a lightning rod (4/4)


   Skills:
 + Level 12.5 Fighting
 - Level 14.1 Long Blades
 + Level 6.8(8.6) Axes
 - Level 9.0(10.1) Maces & Flails
 - Level 0.3 Throwing
 * Level 12.2 Armour
 + Level 12.7 Shields
 - Level 5.1 Invocations


You had 14 spell levels left.
You didn't know any spells.
Your spell library contained the following spells:

 Spells                   Type           Power        Failure   Level
 Animate Skeleton         Necr           0%           45%         1
 Apportation              Tloc           0%           45%         1
 Beastly Appendage        Tmut           0%           45%         1
 Corona                   Hex            0%           45%         1
 Summon Small Mammal      Summ           0%           45%         1
 Wereblood                Tmut           0%           58%         2
 Spider Form              Tmut/Pois      0%           83%         3
 Static Discharge         Conj/Air       0%           83%         3
 Animate Dead             Necr           0%           99%         4
 Ice Form                 Ice/Tmut       0%           99%         4
 Blade Hands              Tmut           0%           100%        5
 Borgnjor's Vile Clutch   Necr/Erth      0%           100%        5
 Lightning Bolt           Conj/Air       0%           100%        5
 Death Channel            Necr           0%           100%        6
 Simulacrum               Ice/Necr       0%           100%        6
 Ignition                 Fire           0%           100%        8
 Shatter                  Erth           0%           100%        9
 Tornado                  Air            0%           100%        9


Dungeon Overview and Level Annotations

Branches:
Dungeon (15/15)            Temple (0/1) D:6            Lair (5/6) D:11
  Swamp (0/4) Lair:3       Spider (0/4) Lair:2        Slime (0/5) Lair:5
    Orc (0/2) D:11         Vaults (0/5) D:14         Depths (0/5) D:15

Altars:
Ashenzari
Cheibriados
Elyvilon
Fedhas
Gozag
Hepliaklqana
Okawaru
Sif Muna
Trog
Wu Jian
Yredelemnul

Shops:
D:9 :   D:14 }

Annotations:
D:14 Roxanne


Innate Abilities, Weirdness & Mutations

You are resistant to torment.
Your stone body is resilient. (AC +11)
You are immune to poison.
Your large and strong wings let you fly indefinitely.
You resist negative energy. (rN+)
You are resistant to electric shocks. (rElec)
You can survive without breathing.
You are immune to petrification.
You are immune to miasma.
Your life essence is reduced to manifest your ancestor. (-10% HP)


Message History

The stone arrow hits Roxanne but does no damage.
Boz hits Roxanne with a +0 quarterstaff!
Roxanne mumbles some strange words.
The crystal spear hits you!!
Boz hits Roxanne but does no damage.
You hit Roxanne.
Roxanne is heavily damaged.
Boz hits Roxanne with a +0 quarterstaff!
You hit Roxanne.
Roxanne is heavily damaged.
You hit Roxanne but do no damage.
Roxanne is heavily damaged.
Boz hits Roxanne with a +0 quarterstaff.
You slash Roxanne!
Roxanne is severely damaged.
Boz hits Roxanne with a +0 quarterstaff!
You hit Roxanne but do no damage.
Roxanne is severely damaged.
Roxanne casts a spell.
The iron shot hits you!!
You die...

#.......)...)((>(.<..#
#............##)#.#..####
#............##.#.......#
###########.###.#######.#
###.###.#.....#.#
##.....#.#.###.#.#
#......#...# #.#.# ###
#......R...# #R#.#####..
#......@8.$# #.......#.#
#..........# #...#......
#......#.#.# #...#.#.#..
#.######.#.# #...#.<.#..
#. #.#.###...#...#.. #.
#.#...........#.. #.
#.#..####.##..#.( .#..#
#........ #..# #..######


You could see the friendly Boz the battlemage and Roxanne.

Vanquished Creatures
  A frost giant (D:15)
  Azrael (D:14)
  Nessos (D:14)
  8 vault guards (D:14)
  Erolcha (D:9)
  5 hydras
  3 boulder beetles
  A rakshasa (D:15)
  5 centaur warriors
  6 two-headed ogres
  The ghost of bnorton916 the Blocker, a novice FoFi of Gozag (D:8)
  An ogre mage (D:14)
  An unseen horror (D:13)
  A wizard (D:14)
  An orc knight (D:15)
  A deep elf mage (D:12)
  A wolf spider zombie (D:15)
  16 ugly things
  3 wolf spiders (Lair:2)
  3 manticores
  3 cyclopes
  A moth of wrath (D:8)
  Maurice (D:9)
  2 elephants (Lair:4)
  4 gargoyles
  2 cane toads (Lair:1)
  A torpor snail (Lair:4)
  A yaktaur (D:15)
  An efreet (D:14)
  A rime drake (Lair:5)
  2 komodo dragons
  A tengu conjurer (D:14)
  2 meliai (D:15)
  2 trolls
  A hornet (D:11)
  3 slime creatures
  3 dream sheep (Lair:5)
  11 blink frogs
  3 shadows
  2 wraiths
  4 wyverns
  32 yaks
  4 basilisks
  Grum (D:9)
  2 vampire mosquitoes (D:13)
  2 wargs
  2 soldier ants
  2 swamp worms (Lair:3)
  13 water moccasins
  A hell hound (D:14)
  2 ice beasts
  3 black bears
  6 orc warriors
  A phantom (D:8)
  A necrophage (D:10)
  4 sky beasts
  6 ogres
  An eye of draining (D:11)
  17 wolves
  12 centaurs
  2 big kobolds
  12 bullfrogs
  A gnoll sergeant (D:8)
  4 scorpions
  11 killer bees
  14 wights
  2 howler monkeys (D:14)
  An electric eel (Lair:3)
  4 hounds
  3 centaur zombies
  A bullfrog zombie (D:11)
  A bullfrog skeleton (D:7)
  11 orc wizards
  3 centaur skeletons
  6 jellies
  6 orc priests
  7 iguanas
  13 worker ants
  2 hound skeletons (D:5)
  2 worker ant zombies (D:5)
  7 gnolls
  A howler monkey skeleton (D:8)
  12 adders
  A white imp (D:7)
  2 ufetubi
  3 oozes
  An adder zombie (D:5)
  5 worms
  A dart slug (D:4)
  2 leopard geckos
  34 orcs
  7 bats
  2 giant cockroaches
  7 goblins
  8 hobgoblins
  7 jackals
  11 kobolds
  6 quokkas
  5 ball pythons
  2 frilled lizards
  A leopard gecko skeleton (D:7)
  2 rats
457 creatures vanquished.

Vanquished Creatures (collateral kills)
  2 hydras
  Erica (D:9)
  2 two-headed ogres (D:14)
  A catoblepas (Lair:3)
  A centaur warrior (D:15)
  The ghost of jlumianski the Magician, a novice GnWr of Qazlal (D:7)
  3 unseen horrors
  A bog body (Lair:3)
  Pikel (D:8)
  2 ugly things
  An elephant (Lair:4)
  3 centaur skeletons
  4 cane toads
  A meliai (D:15)
  3 blink frogs
  Prince Ribbit (D:8)
  2 dream sheep (Lair:5)
  A wraith (D:11)
  2 wyverns (D:11)
  15 yaks
  3 fire elementals (D:14)
  A shadow (D:13)
  A basilisk (Lair:1)
  Menkaure (D:7)
  A swamp worm (Lair:3)
  A warg (D:11)
  An acid dragon (D:11)
  5 water moccasins
  3 orc warriors
  2 sky beasts
  An ice beast (D:9)
  A necrophage (D:10)
  An eye of draining (D:15)
  A hornet zombie (D:14)
  7 wolves
  4 ogres
  4 bullfrogs
  6 killer bees (D:10)
  A scorpion (D:6)
  5 wights
  2 electric eels (Lair:4)
  2 bullfrog zombies
  A centaur zombie (D:11)
  A bullfrog skeleton (D:8)
  A hound (D:6)
  2 orc priests
  A jelly (D:7)
  5 orc wizards
  6 worker ants
  An iguana (D:4)
  A howler monkey zombie (D:10)
  8 gnolls
  2 adders
  2 shadow imps
  A white imp (D:10)
  16 orcs
  A bat (D:2)
  A hobgoblin (D:3)
  4 jackals
  2 quokkas (D:7)
  2 frilled lizards
  2 kobolds
  A rat (D:3)
163 creatures vanquished.

Vanquished Creatures (others)
  A sky beast (D:11)
  An orc wizard (D:15)
  12 battlemagi
  5 fungi
  12 plants
  4 withered plants (D:3)
35 creatures vanquished.

Grand Total: 655 creatures vanquished

Notes
Turn   | Place    | Note
-------+----------+-------------------------------------------
     0 | D:1      | nothank2 the Gargoyle Fighter began the quest for the Orb.
     0 | D:1      | Reached XP level 1. HP: 14/14 MP: 1/1
   283 | D:1      | Reached XP level 2. HP: 18/19 MP: 2/2
  1405 | D:2      | Found a faded altar of an unknown god.
  1448 | D:2      | Became a worshipper of Hepliaklqana the Forgotten
  1448 | D:2      | Reached * piety under Hepliaklqana
  1716 | D:2      | Reached XP level 3. HP: 20/20 MP: 3/3
  2404 | D:3      | Reached XP level 4. HP: 22/25 MP: 4/4
  3006 | D:3      | Reached XP level 5. HP: 17/29 MP: 2/5
  3377 | D:3      | Found a basalt altar of Yredelemnul.
  3683 | D:4      | Reached ** piety under Hepliaklqana
  3695 | D:4      | Remembered your ancestor Boz as a battlemage
  3724 | D:4      | Reached XP level 6. HP: 32/34 MP: 6/6
  3823 | D:4      | Reached skill level 5 in Shields
  4115 | D:4      | Reached skill level 5 in Maces & Flails
  4121 | D:4      | Reached XP level 7. HP: 38/38 MP: 7/7
  4261 | D:5      | Entered Level 5 of the Dungeon
  5171 | D:5      | Reached *** piety under Hepliaklqana
  5216 | D:6      | Reached XP level 8. HP: 42/43 MP: 8/8
  5577 | D:6      | Reached skill level 5 in Armour
  5659 | D:6      | Found a staircase to the Ecumenical Temple.
  5671 | D:6      | Reached skill level 5 in Fighting
  5976 | D:6      | Reached **** piety under Hepliaklqana
  6329 | D:7      | Found a runed translucent door.
  6331 | D:7      | Noticed jlumianski's ghost (novice GnWr)
  6375 | D:7      | Killed jlumianski's ghost
  6376 | D:7      | Reached XP level 9. HP: 42/48 MP: 9/9
  6736 | D:7      | Noticed Menkaure
  6741 | D:7      | Killed Menkaure
  7681 | D:8      | Noticed Prince Ribbit
  7708 | D:8      | Killed Prince Ribbit
  7709 | D:8      | Reached XP level 10. HP: 36/54 MP: 10/10
  7888 | D:8      | Found a transporter.
  7901 | D:8      | Found a bloodstained altar of Trog.
  7901 | D:8      | Noticed a two-headed ogre
  7902 | D:8      | Noticed bnorton916's ghost (novice FoFi)
  7902 | D:8      | Noticed a moth of wrath
  7911 | D:8      | Found a transporter.
  7953 | D:8      | Found a bloodstained altar of Trog.
  7954 | D:8      | Found a snail-covered altar of Cheibriados.
  7954 | D:8      | Found an ornate altar of the Wu Jian Council.
  7954 | D:8      | Noticed Pikel
  7957 | D:8      | Paralysed by Pikel for 4 turns
  7967 | D:8      | Killed Pikel
  7983 | D:8      | Found a broken altar of Ashenzari.
  7983 | D:8      | Found an iron altar of Okawaru.
  7987 | D:8      | Found a shimmering blue altar of Sif Muna.
  7987 | D:8      | Found a white marble altar of Elyvilon.
  7988 | D:8      | Found a blossoming altar of Fedhas.
  8102 | D:8      | Found an opulent altar of Gozag.
  8363 | D:9      | Noticed Maurice
  8378 | D:9      | Killed Maurice
  8379 | D:9      | Reached skill level 1 in Axes
  8493 | D:9      | Noticed Grum
  8514 | D:9      | Killed Grum
  8601 | D:9      | Noticed Erolcha
  8606 | D:9      | Noticed Erica
  8614 | D:9      | Killed Erolcha
  8624 | D:9      | Killed Erica
  8625 | D:9      | Reached skill level 10 in Shields
  8625 | D:9      | Reached XP level 11. HP: 61/61 MP: 11/11
  9018 | D:9      | Found Cusupnux's Book Emporium.
  9130 | D:10     | Entered Level 10 of the Dungeon
  9252 | D:10     | Killed an unseen horror
  9359 | D:10     | Reached ***** piety under Hepliaklqana
  9642 | D:10     | Killed an unseen horror
  9643 | D:10     | Reached skill level 1 in Invocations
  9941 | D:10     | Got a pitted ring mail
  9952 | D:10     | Identified the +4 ring mail of Birdsong {Str+6} (You found
                  | it on level 10 of the Dungeon)
 10217 | D:10     | Reached skill level 5 in Axes
 10761 | D:11     | Killed an unseen horror
 10762 | D:11     | Reached skill level 10 in Armour
 10970 | D:11     | Noticed a two-headed ogre
 10981 | D:11     | Killed a two-headed ogre
 10982 | D:11     | Reached XP level 12. HP: 62/68 MP: 14/14
 11024 | D:11     | Found a staircase to the Lair.
 11135 | D:11     | Found a staircase to the Orcish Mines.
 11312 | D:11     | Got a polished helmet
 11318 | D:11     | Identified the +1 helmet of Tutig {rC+ Int+4} (You found it
                  | on level 11 of the Dungeon)
 11485 | D:11     | Reached skill level 10 in Fighting
 12393 | Lair:1   | Entered Level 1 of the Lair of Beasts
 12437 | Lair:1   | Reached skill level 5 in Invocations
 12744 | Lair:1   | Reached skill level 1 in Long Blades
 12777 | Lair:1   | Noticed a five-headed hydra
 12785 | Lair:1   | Killed a three-headed hydra
 12786 | Lair:1   | Reached skill level 2 in Long Blades
 12818 | Lair:1   | Reached skill level 3 in Long Blades
 13317 | Lair:2   | Reached skill level 4 in Long Blades
 13370 | Lair:2   | Found a hole to the Spider Nest.
 13377 | Lair:2   | HP: 2/71 [wolf spider (13)]
 13736 | Lair:2   | Noticed a five-headed hydra
 13745 | Lair:2   | Killed a two-headed hydra
 13746 | Lair:2   | Reached skill level 5 in Long Blades
 13746 | Lair:2   | Reached XP level 13. HP: 69/75 MP: 16/16
 13789 | Lair:2   | Reached skill level 6 in Long Blades
 14535 | Lair:2   | Reached ****** piety under Hepliaklqana
 14716 | Lair:3   | Reached skill level 7 in Long Blades
 15148 | Lair:3   | Reached skill level 8 in Long Blades
 15766 | Lair:3   | Found a staircase to the Swamp.
 16135 | Lair:4   | Reached skill level 9 in Long Blades
 16450 | Lair:4   | Reached skill level 10 in Long Blades
 16460 | Lair:4   | Identified 3 scrolls of acquirement
 16460 | Lair:4   | Acquired a manual of Axes
 16461 | Lair:4   | Acquired the +2 kite shield "Qestryes" {rElec Will++}
 16484 | Lair:4   | Acquired 1195 gold pieces
 17026 | Lair:5   | Found a staircase to the Slime Pits.
 17132 | Lair:5   | Reached skill level 11 in Long Blades
 17132 | Lair:5   | Gained mutation: Your large and strong wings let you fly
                  | indefinitely. [Gargoyle growth]
 17132 | Lair:5   | Reached XP level 14. HP: 44/79 MP: 17/17
 18639 | D:12     | Reached skill level 12 in Long Blades
 19781 | D:8      | Killed bnorton916's ghost
 20287 | D:13     | Reached skill level 13 in Long Blades
 20587 | D:13     | You fall into a shaft and drop 2 floors!
 20587 | D:15     | Entered Level 15 of the Dungeon
 21119 | D:15     | Reached skill level 14 in Long Blades
 21269 | D:15     | Found a staircase to the Depths.
 21269 | D:15     | Noticed a frost giant
 21279 | D:15     | Killed a frost giant
 21625 | D:15     | Reached XP level 15. HP: 79/84 MP: 18/18
 22751 | D:14     | Found a gate to the Vaults.
 23445 | D:14     | Noticed Azrael
 23450 | D:14     | Noticed Roxanne
 23463 | D:14     | Killed Azrael
 23480 | D:14     | Noticed Nessos
 23507 | D:14     | Killed Nessos
 24093 | D:14     | Found Ixilep's Gadget Shoppe.
 24651 | D:14     | Killed from afar by Roxanne

Illustrated notes

Levels and vault maps discovered:
D:1:      lordsloth_arrival_two_stooges, layout_basic, serial_forest,
          infiniplex_forest_join, infiniplex_forest_straight_3,
          infiniplex_forest_lined_corner, infiniplex_forest_clump_double,
          infiniplex_forest_zigzag_1
D:2:      layout_loops_ring, chequers_ecumenical_altar_simple_redux,
          hangedman_decor_slide_cut
D:3:      layout_loops_cross, yredelemnul_altar_generic
D:4:      layout_cave_pods, minmay_misc_feat_encased
D:5:      layout_loops_ring, kennysheep_cross_bottleneck
D:6:      layout_layer_cave, minmay_temple_entry_proselytizer,
          minmay_misc_feat_ornament
D:7:      layout_cave_pods, ebering_ghost_inner_flame, serial_bayou_pond_b,
          uniq_menkaure
D:8:      layout_rooms, grunt_temple_overflow_open,
          nicolae_gozag_cash_rules_everything_around_me, serial_aquarium,
          aquarium_bridge_long_separate [aquarium_subvault_balcony,
          aquarium_subvault_bridge, aquarium_subvault_wall,
          aquarium_subvault_wall, aquarium_subvault_wall,
          aquarium_subvault_bridge], aquarium_bridge_square
          [aquarium_subvault_balcony, aquarium_subvault_balcony,
          aquarium_subvault_bridge, aquarium_subvault_wall], aquarium_window_1,
          aquarium_window_corridor_3, aquarium_window_1, aquarium_view_2b,
          aquarium_view_2d, aquarium_balcony_1b,
          gammafunk_ghost_wrathful_warriors, uniq_pikel, uniq_prince_ribbit1
D:9:      layout_loops_ring, minmay_shop_grid_forest, uniq_maurice,
          uniq_erolcha, uniq_grum, uniq_erica
D:10:     layout_stronghold, nicolae_two_hexagons
D:11:     layout_basic, erik_lair_orcish_takeover, david_orc_2,
          roderic_roman_lattice, wad_rectangle_vault
D:12:     layout_stronghold
D:13:     layout_basic
D:14:     layout_basic, erik_vaults_2, kennysheep_nondescript, serial_shops,
          shop_fountains, uniq_nessos, uniq_azrael, uniq_roxanne
D:15:     grunt_enter_depths_snipers, layout_basic,
          chequers_serial_rivers_large_a
Lair:1:   layout_hall_layers
Lair:2:   layout_regular_city, spider_nest_entry_funnel_web, enter_volcano_1,
          chequers_serial_rivers_small_b
Lair:3:   layout_chaotic_city, nicolae_swamp_entry_splash_gauntlet,
          serial_rivers, chequers_serial_rivers_small_b,
          chequers_serial_rivers_small_a, chequers_serial_rivers_micro_a,
          chequers_serial_rivers_room_a, chequers_serial_rivers_marsh,
          chequers_serial_rivers_room_a, chequers_serial_rivers_large_b,
          st_stairs_3
Lair:4:   layout_loops_ring, st_stairs_3, infiniplex_staircase_pool,
          serial_bayou_shore_a, grunt_megastairs_3
Lair:5:   layout_layer_cave, nicolae_slime_entry_slimehenge

Skill      XL: |  1  2  3  4  5  6  7  8  9 10 11 12 13 14 15 |
---------------+----------------------------------------------+-----
Shields        | 4 5 6 7 8 10 11 12 | 12.7
Maces & Flails | 3 4 5 6 7 8 9 |  9.0
Armour         | 4 6 7 8 10 11 12 | 12.2
Fighting       | 4 5 6 7 9 10 11 12 | 12.5
Axes           | 4 5 6 |  6.8
Invocations    | 3 5 |  5.1
Long Blades    | 5 11 14 | 14.1
Throwing       | |  0.3

Action                   |  1- 3 |  4- 6 |  7- 9 | 10-12 | 13-15 || total
-------------------------+-------+-------+-------+-------+-------++-------
Melee: Flail             |   163 |   112 |   137 |       |       ||   412
       War axe           |       |       |   105 |    39 |    52 ||   196
       Morningstar       |       |       |       |   545 |       ||   545
       Scimitar          |       |       |       |    60 |   710 ||   770
Throw: Boomerang         |       |       |     2 |    15 |    11 ||    28
Invok: Ancestor Life: Ba |       |     1 |       |       |       ||     1
       Ancestor Identity |       |       |     1 |       |       ||     1
       Recall Ancestor   |       |       |       |       |     2 ||     2
Evoke: Tin of tremorston |       |       |       |       |     1 ||     1
  Use: Scroll            |     6 |     1 |     9 |     9 |    23 ||    48
       Potion            |       |       |       |     1 |       ||     1
 Stab: Distracted        |       |     1 |     1 |     1 |     1 ||     4
Armor: Scale mail        |   109 |    37 |    55 |       |       ||   201
       Plate armour      |       |       |    25 |   112 |       ||   137
       Ring mail         |       |       |       |   114 |   214 ||   328
Dodge: Dodged            |    70 |    50 |   115 |   273 |   317 ||   825
Block: Kite shield       |   108 |    70 |   148 |   458 |   519 ||  1303
       Rpst.: Scimitar   |       |       |       |     6 |    76 ||    82
